cohdb
Replays
Latest Replays
All Replays
Popular Replays
Top Player Replays
Match Explorer
How It Works
Community
CoH3 Stats
Reddit
Sign in to upload your games and track your stats! →
Sign in with Steam
Match 43779105
Unlisted
Match 43779105
Overview
Messages
Build Orders
End
Construct Section Command Post
Royal Engineer Section
Construct Platoon Command Post
Construct Company Command Post
Selects Heavy Armor Battlegroup
Selects Engineer Detachments
Royal Engineer Section
Royal Engineer Section
Royal Engineer Section
Selects Forward Repair Assembly
Selects UNKNOWN (2162094)
Selects Light Vehicle Withdraw and Refit
Churchill IV Heavy Tank
Churchill IV Heavy Tank
Churchill IV Heavy Tank
Churchill IV Heavy Tank
Armored Vehicle Training
Churchill IV Heavy Tank
Selects Radio Net
Selects Recon Artillery
Recon Artillery
Radio Net
Churchill IV Heavy Tank
Unlock Towed 17-pounder Anti-tank Guns
17-pounder Anti-tank Gun Team
17-pounder Anti-tank Gun Team
Recon Artillery
Churchill IV Heavy Tank
Recon Artillery
Churchill IV Heavy Tank
17-pounder Anti-tank Gun Team
Royal Engineer Section
Royal Engineer Section
Royal Engineer Section
Royal Engineer Section
HAL 9000
Serial Chiller
TheGreatMufasa
kurt0113
Born to Work
KarlRasur
Safti
murtazamuslim6
0
0
Comments
sign in to comment!
No comments posted yet!